IL
NASHVILLE SOUNDS @ ROCHESTER RED WINGS
04/23/2045
 
TOP OF THE 1ST
Nashville Sounds batting - Pitching for Rochester Red Wings : RHP Fernando Macias
Pitching: RHP Fernando Macias
Batting: RHB Jerry Escamilla 0-0: Ground out 4-3 (Groundball, 4M, EV 90.6 MPH)
Batting: RHB Luis Restrepo 0-0: Swinging Strike
0-1: Ball
1-1: Foul Ball, location: 2F
1-2: Ball
2-2: Ball
3-2: Foul Ball, location: 2F
3-2: Foul Ball, location: 2F
3-2: Base on Balls
Batting: RHB Dusty Thompson 0-0: Ball
1-0: Called Strike
Luis Restrepo steals 2nd base
1-1: Foul Ball, location: 2F
1-2: Foul Ball, location: 2F
1-2: SINGLE (Line Drive, 56D, EV 108.1 MPH)
Luis Restrepo to third
Batting: LHB Paul Perry 0-0: Ball
1-0: Called Strike
1-1: SINGLE (Groundball, 4MD, EV 96.9 MPH)
Luis Restrepo scores
Dusty Thompson to second
Runner from 2nd tries for 3rd, OUT! 8-5
Paul Perry to second
Batting: RHB Alan Oxenrider 0-0: Ball
1-0: Swinging Strike
1-1: SINGLE (Groundball, 6MD, EV 105.6 MPH)
Paul Perry to third
Runner from 3rd tries for Home, SAFE, throw by CF to home
Batting: SHB Todd Hewitt 0-0: Ball
1-0: Ball
2-0: Fly out, F8 (Flyball, 78D, EV 80.6 MPH)
Top of the 1st over - 2 runs, 3 hits, 0 errors, 1 left on base; Nashville 2 - Rochester 0
BOTTOM OF THE 1ST
Rochester Red Wings batting - Pitching for Nashville Sounds : RHP Reynaldo Edwards
Pitching: RHP Reynaldo Edwards
Batting: RHB Josh Zoglmann 0-0: Ball
1-0: Swinging Strike
1-1: Foul Ball, location: 2F
1-2: Ball
2-2: Foul Ball, location: 2F
2-2: Ball
3-2: Ground out 6-3 (Groundball, 6S, EV 83.1 MPH)
Batting: RHB Tony Rivera 0-0: DOUBLE (Line Drive, 7LD, EV 103.1 MPH)
Batting: LHB Matt Patnaude 0-0: Foul Ball, location: 2F
0-1: Ball
1-1: Ball
2-1: Swinging Strike
2-2: Strikes out swinging
Batting: LHB Steve Roepke 0-0: Ball
1-0: Foul Ball, location: 2F
1-1: Ball
2-1: Foul Ball, location: 2F
2-2: Strikes out swinging
Bottom of the 1st over - 0 runs, 1 hit, 0 errors, 1 left on base; Nashville 2 - Rochester 0
TOP OF THE 2ND
Nashville Sounds batting - Pitching for Rochester Red Wings : RHP Fernando Macias
Batting: RHB Dave Glenn 0-0: Ball
1-0: Called Strike
1-1: Ball
2-1: Fly out, F8 (Flyball, 8LD, EV 95.6 MPH)
Batting: RHB Robby Godwin 0-0: Ball
1-0: DOUBLE (Line Drive, 89D, EV 108.1 MPH)
Batting: SHB Ian Finley 0-0: Called Strike
0-1: Ball
Robby Godwin steals 3rd base
1-1: Ball
2-1: Ground out U3 (Groundball, 3, EV 81.3 MPH)
Batting: RHB Jerry Escamilla 0-0: Ball
1-0: Reached on error, E6 (Groundball, 6, EV 98.8 MPH)
Robby Godwin scores
Batting: RHB Luis Restrepo 0-0: Ball
1-0: Called Strike
1-1: Ball
2-1: Foul Ball, location: 2F
2-2: DOUBLE (Flyball, 8RXD, EV 91.9 MPH)
Jerry Escamilla to third
Batting: RHB Dusty Thompson 0-0: Foul Ball, location: 2F
0-1: Ball
1-1: Foul Ball, location: 2F
1-2: Ball
2-2: Fly out, F3 (Flyball, 3D, EV 85.6 MPH)
Top of the 2nd over - 1 run, 2 hits, 1 error, 2 left on base; Nashville 3 - Rochester 0
BOTTOM OF THE 2ND
Rochester Red Wings batting - Pitching for Nashville Sounds : RHP Reynaldo Edwards
Batting: RHB Aaron Trotman 0-0: Ball
1-0: SINGLE (Flyball, 4D, EV 86.3 MPH)
Batting: SHB Aaron Tatar 0-0: Ball
1-0: Called Strike
Aaron Trotman steals 2nd base
1-1: Ground out 4-3 (Groundball, 4, EV 108.8 MPH)
Aaron Trotman to third
Batting: RHB Joe Zimmerman 0-0: Ball
1-0: Called Strike
1-1: Foul Ball, location: 2F
1-2: Strikes out swinging
Batting: RHB Cesar Yega 0-0: Called Strike
0-1: Ball
1-1: Ball
2-1: Ball
3-1: Fly out, F9 (Flyball, 9, EV 93.1 MPH)
Bottom of the 2nd over - 0 runs, 1 hit, 0 errors, 1 left on base; Nashville 3 - Rochester 0
TOP OF THE 3RD
Nashville Sounds batting - Pitching for Rochester Red Wings : RHP Fernando Macias
Batting: LHB Paul Perry 0-0: DOUBLE (Line Drive, 89D, EV 100.0 MPH)
Batting: RHB Alan Oxenrider 0-0: Called Strike
0-1: Called Strike
0-2: Ball
1-2: SINGLE (Line Drive, 9LS, EV 108.1 MPH)
Paul Perry to third
Batting: SHB Todd Hewitt 0-0: Ball
1-0: Swinging Strike
1-1: Fly out, F9 (Flyball, 9LM, EV 88.8 MPH)
Runner from 3rd tags up, SCORES, throw by RF
Batting: RHB Dave Glenn 0-0: Called Strike
0-1: Ball
1-1: Swinging Strike
1-2: Ball
2-2: Ball
3-2: Base on Balls
Alan Oxenrider to second
Batting: RHB Robby Godwin 0-0: Ball
1-0: Ball
2-0: Ball
3-0: Base on Balls
Alan Oxenrider to third
Dave Glenn to second
Batting: SHB Ian Finley 0-0: Ball
1-0: Ball
Passed Ball!
Alan Oxenrider scores
Dave Glenn to third
Robby Godwin to second
2-0: Ground out 4-3 (Groundball, 4S, EV 70.0 MPH)
Dave Glenn scores
Robby Godwin to third
Batting: RHB Jerry Escamilla 0-0: Fly out, F9 (Flyball, 89XD, EV 86.9 MPH)
Top of the 3rd over - 3 runs, 2 hits, 0 errors, 1 left on base; Nashville 6 - Rochester 0
BOTTOM OF THE 3RD
Rochester Red Wings batting - Pitching for Nashville Sounds : RHP Reynaldo Edwards
Batting: SHB Kamiel Akkerman 0-0: Fly out, F8 (Flyball, 8LS, EV 71.3 MPH)
Batting: RHB Josh Zoglmann 0-0: Ball
1-0: Called Strike
1-1: Fly out, F8 (Flyball, 8LD, EV 95.6 MPH)
Batting: RHB Tony Rivera 0-0: Ball
1-0: Ball
2-0: Ground out 4-3 (Groundball, 4M, EV 88.1 MPH)
Bottom of the 3rd over - 0 runs, 0 hits, 0 errors, 0 left on base; Nashville 6 - Rochester 0
TOP OF THE 4TH
Nashville Sounds batting - Pitching for Rochester Red Wings : RHP Fernando Macias
Batting: RHB Luis Restrepo 0-0: Ball
1-0: Ball
2-0: Ball
3-0: Called Strike
3-1: Foul Ball, location: 2F
3-2: Base on Balls
Batting: RHB Dusty Thompson 0-0: Called Strike
0-1: Ball
1-1: Fielders Choice at 2nd, 4-6 (Groundball, 4, EV 105.6 MPH)
Batting: LHB Paul Perry 0-0: Ball
1-0: Ball
2-0: Ball
3-0: Called Strike
3-1: Called Strike
3-2: Base on Balls
Dusty Thompson to second
Pitching: LHP Adam Mallow
Batting: RHB Alan Oxenrider 0-0: Ball
1-0: Grounds into double play, 6-4-3 (Groundball, 6, EV 101.3 MPH)
Top of the 4th over - 0 runs, 0 hits, 0 errors, 1 left on base; Nashville 6 - Rochester 0
BOTTOM OF THE 4TH
Rochester Red Wings batting - Pitching for Nashville Sounds : RHP Reynaldo Edwards
Batting: LHB Matt Patnaude 0-0: Ball
1-0: SINGLE (Groundball, 6M, EV 108.1 MPH) (infield hit)
Batting: LHB Steve Roepke 0-0: Ball
1-0: SINGLE (Groundball, 34D, EV 97.5 MPH)
Matt Patnaude to second
Runner from 2nd tries for 3rd, SAFE, no throw by RF
Batting: RHB Aaron Trotman 0-0: Called Strike
0-1: 3-RUN HOME RUN (Flyball, 7D, EV 97.5 MPH), Distance : 382 ft
Batting: SHB Aaron Tatar 0-0: Called Strike
0-1: Foul Ball, location: 2F
0-2: Ball
1-2: Ball
2-2: Foul Ball, location: 2F
2-2: Ground out 4-3 (Groundball, 34, EV 103.8 MPH)
Batting: RHB Joe Zimmerman 0-0: SINGLE (Line Drive, 5D, EV 98.1 MPH)
Batting: RHB Cesar Yega 0-0: Ball
1-0: Foul Ball, location: 2F
1-1: Called Strike
1-2: Ball
2-2: Strikes out swinging
Batting: SHB Kamiel Akkerman 0-0: Ball
1-0: Foul Ball, location: 2F
1-1: Ball
2-1: Called Strike
2-2: Foul Ball, location: 2F
2-2: Ball
3-2: Strikes out looking
Bottom of the 4th over - 3 runs, 4 hits, 0 errors, 1 left on base; Nashville 6 - Rochester 3
TOP OF THE 5TH
Nashville Sounds batting - Pitching for Rochester Red Wings : LHP Adam Mallow
Batting: SHB Todd Hewitt 0-0: Ball
1-0: Called Strike
1-1: Ball
2-1: Foul Ball, location: 2F
2-2: Foul Ball, location: 2F
2-2: Ball
3-2: Strikes out looking
Batting: RHB Dave Glenn 0-0: Ball
1-0: Called Strike
1-1: Ball
2-1: Foul Ball, location: 2F
2-2: Ground out U3 (Groundball, 13, EV 88.1 MPH)
Batting: RHB Robby Godwin 0-0: Called Strike
0-1: Ball
1-1: Foul Ball, location: 2F
1-2: Fly out, F8 (Flyball, 8LS, EV 93.1 MPH)
Top of the 5th over - 0 runs, 0 hits, 0 errors, 0 left on base; Nashville 6 - Rochester 3
BOTTOM OF THE 5TH
Rochester Red Wings batting - Pitching for Nashville Sounds : RHP Reynaldo Edwards
Batting: RHB Josh Zoglmann 0-0: Ground out 5-3 (Groundball, 56, EV 106.9 MPH)
Batting: RHB Tony Rivera 0-0: SINGLE (Groundball, 6, EV 98.8 MPH)
Batting: LHB Matt Patnaude 0-0: Ball
1-0: Foul Ball, location: 2F
1-1: Ball
2-1: Ball
3-1: Called Strike
3-2: SINGLE (Flyball, 34D, EV 84.4 MPH)
Tony Rivera to second
Tony Rivera to third
Batting: LHB Steve Roepke 0-0: Fly out, F4 (Line Drive, 4, EV 74.4 MPH)
Batting: RHB Aaron Trotman 0-0: Ball
1-0: Ball
2-0: Foul Ball, location: 2F
2-1: Ball
3-1: Foul Ball, location: 2F
3-2: Fly out, F9 (Flyball, 89M, EV 93.8 MPH)
Bottom of the 5th over - 0 runs, 2 hits, 0 errors, 2 left on base; Nashville 6 - Rochester 3
TOP OF THE 6TH
Nashville Sounds batting - Pitching for Rochester Red Wings : LHP Adam Mallow
Batting: SHB Ian Finley 0-0: Ground out 6-3 (Groundball, 6, EV 96.9 MPH)
Batting: RHB Jerry Escamilla 0-0: Ball
1-0: Ball
2-0: Ball
3-0: Base on Balls
Batting: RHB Luis Restrepo 0-0: Ball
1-0: Called Strike
1-1: Fly out, F9 (Flyball, 9, EV 84.4 MPH)
Batting: RHB Dusty Thompson 0-0: Ball
1-0: Ball
2-0: Called Strike
2-1: Ball
3-1: Swinging Strike
3-2: Base on Balls
Jerry Escamilla to second
Batting: LHB Paul Perry 0-0: Ball
1-0: Ball
2-0: Fly out, F5 (Popup, 5SF, EV 67.5 MPH)
Top of the 6th over - 0 runs, 0 hits, 0 errors, 2 left on base; Nashville 6 - Rochester 3
BOTTOM OF THE 6TH
Rochester Red Wings batting - Pitching for Nashville Sounds : RHP Reynaldo Edwards
Batting: SHB Aaron Tatar 0-0: Foul Ball, location: 2F
0-1: Ball
1-1: Ball
2-1: Foul Ball, location: 2F
2-2: Hit by Pitch
Batting: RHB Joe Zimmerman 0-0: Called Strike
0-1: Ball
1-1: Foul Ball, location: 2F
1-2: Ball
2-2: Strikes out swinging
Aaron Tatar steals 2nd base
Batter strikes out.
Batting: RHB Cesar Yega 0-0: Ground out 6-3 (Groundball, 6, EV 110.0 MPH)
Batting: SHB Kamiel Akkerman 0-0: Called Strike
0-1: Called Strike
0-2: Ball
1-2: Strikes out looking
Bottom of the 6th over - 0 runs, 0 hits, 0 errors, 1 left on base; Nashville 6 - Rochester 3
TOP OF THE 7TH
Nashville Sounds batting - Pitching for Rochester Red Wings : LHP Adam Mallow
Pitching: RHP Antonio Alcaraz
Batting: RHB Alan Oxenrider 0-0: Fly out, F8 (Flyball, 8LM, EV 78.1 MPH)
Batting: SHB Todd Hewitt 0-0: Ball
1-0: Called Strike
1-1: Ball
2-1: Ball
3-1: Fly out, F7 (Flyball, 7, EV 91.9 MPH)
Batting: RHB Dave Glenn 0-0: Ball
1-0: Ball
2-0: Ground out 4-3 (Groundball, 4M, EV 93.8 MPH)
Top of the 7th over - 0 runs, 0 hits, 0 errors, 0 left on base; Nashville 6 - Rochester 3
BOTTOM OF THE 7TH
Rochester Red Wings batting - Pitching for Nashville Sounds : RHP Reynaldo Edwards
Batting: RHB Josh Zoglmann 0-0: Swinging Strike
0-1: Foul Ball, location: 2F
0-2: Foul Ball, location: 2F
0-2: Ball
1-2: Fly out, F8 (Line Drive, 8RD, EV 89.4 MPH)
Batting: RHB Tony Rivera 0-0: Called Strike
0-1: Ball
1-1: Called Strike
1-2: TRIPLE (Flyball, 8LXD, EV 100.0 MPH)
Pitching: RHP Ben Voorhees
Batting: LHB Matt Patnaude 0-0: Ball
1-0: Ball
2-0: Ball
3-0: Base on Balls
Batting: LHB Steve Roepke 0-0: Ball
Matt Patnaude steals 2nd base
1-0: Ball
2-0: Ground out 5-3 (Groundball, 56S, EV 84.4 MPH)
Tony Rivera scores
Batting: RHB Aaron Trotman 0-0: Fly out, F9 (Flyball, 9, EV 90.0 MPH)
Bottom of the 7th over - 1 run, 1 hit, 0 errors, 1 left on base; Nashville 6 - Rochester 4
TOP OF THE 8TH
Nashville Sounds batting - Pitching for Rochester Red Wings : RHP Antonio Alcaraz
Batting: RHB Robby Godwin 0-0: Ball
1-0: Called Strike
1-1: Called Strike
1-2: Fly out, F8 (Line Drive, 8RM, EV 108.1 MPH)
Batting: SHB Ian Finley 0-0: Called Strike
0-1: Ball
1-1: Foul Ball, location: 2F
1-2: Ground out 3-1 (Groundball, 34, EV 81.9 MPH)
Batting: RHB Jerry Escamilla 0-0: Fly out, F8 (Flyball, 89D, EV 90.0 MPH)
Top of the 8th over - 0 runs, 0 hits, 0 errors, 0 left on base; Nashville 6 - Rochester 4
BOTTOM OF THE 8TH
Rochester Red Wings batting - Pitching for Nashville Sounds : RHP Ben Voorhees
Batting: SHB Aaron Tatar 0-0: Called Strike
0-1: Ball
1-1: Ball
2-1: Swinging Strike
2-2: Fly out, F8 (Flyball, 8LM, EV 99.4 MPH)
Batting: RHB Joe Zimmerman 0-0: Foul Ball, location: 2F
0-1: Ball
1-1: Ball
2-1: Reached on error, E5 (Groundball, 5S, EV 78.8 MPH)
Batting: RHB Cesar Yega 0-0: Called Strike
0-1: Ball
1-1: Ball
2-1: Grounds into double play, 4-6-3 (Groundball, 4M, EV 105.0 MPH)
Bottom of the 8th over - 0 runs, 0 hits, 1 error, 0 left on base; Nashville 6 - Rochester 4
TOP OF THE 9TH
Nashville Sounds batting - Pitching for Rochester Red Wings : RHP Antonio Alcaraz
Pitching: RHP Juan Gomez
Batting: RHB Luis Restrepo 0-0: Ball
1-0: Ball
2-0: Swinging Strike
2-1: SINGLE (Line Drive, 3L, EV 94.4 MPH)
Batting: RHB Dusty Thompson 0-0: Ball
1-0: Called Strike
1-1: Ball
2-1: Ball
3-1: Foul Ball, location: 2F
3-2: Base on Balls
Luis Restrepo to second
Batting: LHB Paul Perry 0-0: Ball
Luis Restrepo steals 3rd base
1-0: Ball
2-0: Fly out, F7 (Flyball, 7LM, EV 88.1 MPH)
Batting: RHB Alan Oxenrider 0-0: Called Strike
0-1: Foul Ball, location: 2F
0-2: Reached on error, E4 (Popup, 34, EV 67.5 MPH)
Luis Restrepo scores
Dusty Thompson to second
Batting: SHB Todd Hewitt 0-0: Foul Ball, location: 2F
0-1: Foul Ball, location: 2F
0-2: Ball
1-2: Strikes out swinging
Pitching: RHP Harry Pratt
Batting: RHB Dave Glenn 0-0: Swinging Strike
0-1: Ball
1-1: Called Strike
1-2: Foul Ball, location: 2F
1-2: Ball
2-2: Fly out, F9 (Flyball, 89S, EV 85.6 MPH)
Top of the 9th over - 1 run, 1 hit, 1 error, 2 left on base; Nashville 7 - Rochester 4
BOTTOM OF THE 9TH
Rochester Red Wings batting - Pitching for Nashville Sounds : RHP Ben Voorhees
Pitching: RHP George Rubio
Now in LF: Josh Sinden
Batting: SHB Kamiel Akkerman 0-0: Ball
1-0: Ground out 6-3 (Groundball, 6, EV 84.4 MPH)
Batting: RHB Josh Zoglmann 0-0: SINGLE (Groundball, 4D, EV 94.4 MPH)
Batting: RHB Tony Rivera 0-0: Called Strike
0-1: Ball
1-1: Ball
2-1: Ball
3-1: Base on Balls
Josh Zoglmann to second
Batting: LHB Matt Patnaude 0-0: Foul Ball, location: 2F
0-1: Swinging Strike
0-2: Foul Ball, location: 2F
0-2: Strikes out swinging
Batting: LHB Steve Roepke 0-0: Ground out 4-3 (Groundball, 4, EV 105.0 MPH)
Bottom of the 9th over - 0 runs, 1 hit, 0 errors, 2 left on base; Nashville 7 - Rochester 4
Wednesday, June 22nd , 2022 - OOTP Baseball 23.4 Build 64